AoeStats
← Ux'TheNovack

Oasis

508294570Analyzed
4v4 RM · 11d ago on Sep 21, 2026· 42m 22s· 8 players
Game mode
Random Map
Map size
Large (8 player)
Population
200
Speed
Normal
Resources
Standard
Victory
Conquest
Starting age
Dark Age
Ending age
Imperial Age
RankedLock teamsTeams togetherTeam positionsShared explorationLock speedFull tech treeHidden civsTurbo modeCheats
Victory
Defeat
🇬🇧 Slavs · United Kingdom
1305
+19
🇮🇹 Mongols · Italy
1298
+19
🇩🇪 Saracens · Germany
1292
+19
🇪🇸 Goths · Spain
1260
+21
🇪🇸 Saracens · Spain
1514
-26
🇪🇸 Ethiopians · Spain
1403
-21
🇲🇽 Hindustanis · Mexico
1386
-20
🇨🇴 Magyars · Colombia
1157
-11
milesburkley
9:11 Feudal Age
10:06 Double-Bit Axe
10:47 Horse Collar
12:27 Bloodlines
15:51 Scale Barding Armor
17:16 Forging
20:45 Wheelbarrow
23:43 Castle Age
23:46 Light Cavalry
24:57 Chain Barding Armor
25:31 Iron Casting
29:11 Husbandry
31:32 Bow Saw
33:02 Heavy Plow
41:17 Hand Cart
nikias.marquardt
8:08 Loom
10:41 Feudal Age
12:05 Double-Bit Axe
28:49 Castle Age
29:36 Horse Collar
31:16 Fletching
31:45 Elite Skirmisher
32:34 Padded Archer Armor
34:16 Leather Archer Armor
35:07 Bodkin Arrow
38:09 Heavy Plow
38:54 Bow Saw
40:44 Ballistics
Roig
4:39 Loom
11:24 Feudal Age
12:09 Double-Bit Axe
13:51 Padded Archer Armor
14:06 Fletching
17:52 Horse Collar
20:39 Wheelbarrow
25:22 Castle Age
23:26 Scale Mail Armor
24:23 Man-at-Arms
26:42 Elite Skirmisher
26:46 Pikeman
27:28 Bodkin Arrow
31:29 Bow Saw
33:02 Squires
33:50 Gold Mining
34:23 Chain Mail Armor
35:39 Leather Archer Armor
37:51 Stone Mining
38:55 Hand Cart
38:25 Town Watch
39:00 Forging
40:58 Iron Casting
Jac
0:26 Loom
8:35 Feudal Age
12:59 Forging
13:51 Scale Barding Armor
20:51 Bloodlines
25:00 Castle Age
25:06 Light Cavalry
28:10 Iron Casting
28:13 Horse Collar
29:45 Chain Barding Armor
30:10 Heavy Plow
34:09 Fletching
34:20 Padded Archer Armor
34:20 Gold Mining
40:30 Imperial Age
38:29 Double-Bit Axe
40:37 Bodkin Arrow
40:58 Leather Archer Armor
41:22 Ballistics
41:45 Bracer
42:46 Chemistry
41:44 Hussar
42:25 Husbandry
43:38 Blast Furnace
Ux'Tycho0201
5:27 Loom
8:42 Feudal Age
12:04 Fletching
19:17 Padded Archer Armor
21:26 Horse Collar
21:36 Double-Bit Axe
27:04 Castle Age
27:06 Crossbowman
27:49 Bodkin Arrow
35:57 Town Watch
Ux'TheNovack
6:40 Loom
6:51 Loom
9:22 Feudal Age
10:23 Double-Bit Axe
12:59 Fletching
21:06 Horse Collar
24:29 Castle Age
24:30 Crossbowman
25:08 Bodkin Arrow
27:10 Wheelbarrow
26:51 Thumb Ring
32:15 Ballistics
Ux' Krupjm
5:54 Loom
8:45 Feudal Age
9:28 Double-Bit Axe
11:25 Horse Collar
16:41 Scale Barding Armor
18:04 Forging
23:00 Wheelbarrow
23:16 Bloodlines
28:17 Castle Age
28:36 Light Cavalry
29:16 Husbandry
34:16 Chain Barding Armor
NTM.daniel.echeverri3
6:26 Loom
9:06 Feudal Age
10:23 Double-Bit Axe
11:34 Horse Collar
19:21 Scale Barding Armor
20:32 Bloodlines
24:48 Wheelbarrow
27:39 Castle Age
28:44 Chain Barding Armor
28:26 Husbandry
Connection lost

Rejoining the realm…

Still unreachable

The connection could not be restored.

Session expired

The server has moved on; the page needs a fresh start.